 Dungeon Crawl Stone Soup version 0.19-a0-1850-g63fd1ff (webtiles) character file.

8442 Naow the Severer (level 11, 0/83 HPs)
             Began as a Minotaur Berserker on Oct 10, 2016.
             Was a High Priest of Trog.
             Slain by a hippogriff (5 damage)
             ... on level 10 of the Dungeon.
             The game lasted 00:11:58 (7050 turns).

Naow the Severer (Minotaur Berserker)               Turns: 7050, Time: 00:11:59

Health: 0/83       AC: 16    Str: 22    XL:     11   Next: 10%
Magic:  10/10      EV:  7    Int:  7    God:    Trog [*****.]
Gold:   516        SH:  3    Dex: 10    Spells: 0 memorised, 10 levels left

rFire  . . .     SeeInvis .     Q - +0 war axe
rCold  + . .     Gourm    .     T - +4 plate armour {ponderous}
rNeg   . . .     Faith    .     (no shield)
rPois  .         Spirit   .     (helmet restricted)
rElec  .         Dismiss  .     t - +0 cloak
rCorr  +         Reflect  +     (no gloves)
MR     ++...     Harm     .     (no boots)
Stlth  ..........               S - +3 amulet of reflection (curse)
                                P - ring of protection from cold
                                o - ring of resist corrosion

@: exhausted, regenerating, slowed, very slow
A: retaliatory headbutt, horns 2
a: Berserk, Trog's Hand, Brothers in Arms, Burn Spellbooks, Renounce Religion


You were on level 10 of the Dungeon.
You worshipped Trog.
Trog was extremely pleased with you.
You were near starving.

You visited 1 branch of the dungeon, and saw 10 of its levels.

You collected 516 gold pieces.

Inventory:

Hand Weapons
 a - a +0 hand axe
 M - the +4 Vampire's Tooth {vamp}
   (You found it on level 6 of the Dungeon)

   It inflicts no extra harm, but heals its wielder when it wounds a living foe.
 Q - a +0 war axe (weapon)
Armour
 b - a +0 animal skin
 t - a +0 cloak (worn)
 B - a +0 plate armour
 T - a +4 plate armour of ponderousness (worn)
Jewellery
 o - a ring of resist corrosion (left hand)
 P - a ring of protection from cold (right hand)
 R - an uncursed ring of protection from cold
 S - a cursed +3 amulet of reflection (around neck)
Wands
 f - a wand of lightning (10/15)
 p - a wand of random effects (27/48)
 s - a wand of digging (12/24)
 A - a wand of lightning (8/15)
 H - a wand of confusion (21/48)
 I - a wand of paralysis (10/24)
 K - a wand of slowing (17/48)
 N - a wand of iceblast (3/15)
Scrolls
 e - 2 scrolls of fear {unknown}
 h - 9 scrolls of identify {unknown}
 i - a scroll of enchant armour {unknown}
 k - 6 scrolls of remove curse {unknown}
 n - 2 scrolls of blinking {unknown}
 x - a scroll of immolation {unknown}
 y - 3 scrolls of noise {unknown}
 C - 2 scrolls of fog {unknown}
 F - 3 scrolls of teleportation {unknown}
 J - 2 scrolls of magic mapping {unknown}
 L - a scroll of amnesia {unknown}
 U - a scroll of enchant weapon {unknown}
Potions
 d - 3 potions of flight {unknown}
 g - 6 potions of curing
 l - 4 potions of agility {unknown}
 q - 4 potions of lignification {unknown}
 r - a potion of beneficial mutation {unknown}
 w - a potion of invisibility {unknown}
 z - 2 potions of might {unknown}
 D - a potion of cancellation {unknown}
 E - 3 potions of degeneration {unknown}
 G - 2 potions of resistance {unknown}
 O - a potion of mutation {unknown}
 V - a potion of brilliance {unknown}
Comestibles
 c - 5 bread rations
 j - a royal jelly
 m - 5 meat rations
 u - 7 fruits
 v - 4 slices of pizza
 W - 5 chunks of flesh


   Skills:
 - Level 3.7 Fighting
 + Level 18.9 Axes
 - Level 2.4 Armour
 - Level 2.2 Dodging


You had 10 spell levels left.
You didn't know any spells.

Dungeon Overview and Level Annotations

Branches:
Dungeon (10/15)            Temple (0/1) D:5            Lair (0/6) D:9
    Orc: D:9-12

Altars:
Cheibriados
Dithmenos
Elyvilon
Fedhas
Hepliaklqana
Nemelex Xobeh
Ru


Innate Abilities, Weirdness & Mutations

You reflexively headbutt those who attack you in melee.
You have a pair of horns on your head.


Message History

The hippogriff pecks you but does no damage.
The hippogriff claws you.
* * * LOW HITPOINT WARNING * * *
A two-headed ogre comes into view. It is wielding two giant clubs.
The two-headed ogre shouts in stereo!
You slash the hill giant!
The hill giant is severely wounded.
You hit the hippogriff but do no damage.
The hippogriff bites you.
* * * LOW HITPOINT WARNING * * *
The hippogriff barely misses you.
The hippogriff claws you but does no damage.
The hill giant hits you but does no damage.
You slash the hill giant!
The hill giant is almost dead.
You closely miss the hippogriff.
The hippogriff bites you but does no damage.
The hippogriff pecks you but does no damage.
The hippogriff claws you.
You die...

.. ....... .# #.[.
......... .# #..#
#........ .# #..#
#........ .# #..#
#........ .# #..#
#..[.....
.#######..#######..%.....
.............>..†........
..............OC@H(......
.######..####..######....
.# #..# #..# .. .# #..#
#..# .# #..# #..# .# #..#
#.C# . .... .... ....
.... .....


You could see a hill giant, a hippogriff and a two-headed ogre.

Vanquished Creatures
  The ghost of Naow the Severer, a journeyman MiBe of Trog (D:10)
  A death yak (D:9)
  The ghost of Naow the Severer, a novice MiBe of Trog (D:9)
  Pikel (D:5)
  A gargoyle (D:10)
  A two-headed ogre (D:9)
  2 hippogriffs (D:10)
  Eustachio (D:4)
  Sigmund (D:2)
  8 yaks
  A wyvern (D:9)
  A hungry ghost (D:9)
  Edmund (D:6)
  2 porcupines (D:9)
  Duvessa (D:6)
  An orc warrior (D:7)
  2 eyes of draining
  A sky beast (D:8)
  A phantom (D:8)
  An ice beast (D:9)
  3 ogres
  3 centaurs
  A big kobold (D:8)
  3 bullfrogs
  A gnoll sergeant (D:9)
  Dowan (D:6)
  2 scorpions
  2 vampire bats
  2 bullfrog zombies
  3 crimson imps
  8 hounds
  A jelly (D:6)
  2 centaur zombies
  5 orc priests
  Crazy Yiuf (D:2)
  3 bullfrog skeletons
  A centaur skeleton (D:9)
  5 iguanas
  Jessica (D:2)
  3 orc wizards
  A gnoll shaman (D:5)
  A hell rat (D:9)
  Natasha (D:3)
  5 worker ants
  2 hound skeletons
  A hound zombie (D:6)
  13 adders
  10 gnolls
  2 shadow imps
  2 oozes (D:3)
  An adder zombie (D:5)
  2 adder skeletons
  2 dart slugs (D:1)
  10 leopard geckos
  19 orcs
  2 ball pythons (D:3)
  12 bats
  7 giant cockroaches
  4 goblins
  A hobgoblin (D:2)
  7 jackals
  3 quokkas
  4 frilled lizards
  A jackal skeleton (D:8)
  16 kobolds
  A quokka skeleton (D:4)
  11 rats
222 creatures vanquished.

Vanquished Creatures (others)
  A slave (D:5)
  A gnoll (D:5)
  2 orcs (D:5)
4 creatures vanquished.

Grand Total: 226 creatures vanquished

Notes
Turn   | Place    | Note
-------+----------+-------------------------------------------
     0 | D:1      | Naow the Minotaur Berserker began the quest for the Orb.
     0 | D:1      | Reached XP level 1. HP: 19/19 MP: 0/0
    87 | D:1      | Reached skill level 4 in Axes
   156 | D:1      | Reached XP level 2. HP: 19/27 MP: 1/1
   628 | D:2      | Reached ** piety under Trog
   636 | D:2      | Found a sacrificial altar of Ru.
   807 | D:2      | Reached XP level 3. HP: 32/33 MP: 2/2
   843 | D:2      | Reached skill level 5 in Axes
   868 | D:2      | Noticed Jessica
   885 | D:2      | Killed Jessica
   912 | D:2      | Noticed Sigmund
   925 | D:2      | Killed Sigmund
   925 | D:2      | Reached skill level 7 in Axes
   925 | D:2      | Reached XP level 4. HP: 22/40 MP: 3/3
   925 | D:2      | Reached XP level 5. HP: 26/46 MP: 4/4
  1232 | D:2      | Found a runed door.
  1354 | D:2      | Found a snail-covered altar of Cheibriados.
  1467 | D:2      | Noticed Crazy Yiuf
  1471 | D:2      | Killed Crazy Yiuf
  1471 | D:2      | Reached skill level 8 in Axes
  1519 | D:3      | Reached XP level 6. HP: 38/52 MP: 5/5
  2158 | D:3      | Noticed Natasha
  2168 | D:3      | Killed Natasha
  2168 | D:3      | Reached skill level 9 in Axes
  2234 | D:4      | Reached *** piety under Trog
  2253 | D:4      | Found a white marble altar of Elyvilon.
  2357 | D:4      | Noticed Eustachio
  2366 | D:4      | Reached XP level 7. HP: 58/58 MP: 6/6
  2408 | D:4      | Killed Eustachio
  2408 | D:4      | Reached skill level 10 in Axes
  2461 | D:4      | Found a blossoming altar of Fedhas.
  2702 | D:4      | Found a glowing drain.
  2944 | D:5      | Entered Level 5 of the Dungeon
  2944 | D:5      | Noticed Pikel
  2949 | D:5      | Killed Pikel
  2949 | D:5      | Reached skill level 12 in Axes
  2949 | D:5      | Reached XP level 8. HP: 66/66 MP: 7/7
  3198 | D:5      | Found a sparkling altar of Nemelex Xobeh.
  3198 | D:5      | Found a staircase to the Ecumenical Temple.
  3420 | D:5      | Reached skill level 13 in Axes
  3550 | D:6      | Received a gift from Trog
  3588 | D:6      | Noticed Duvessa
  3590 | D:6      | Noticed Dowan
  3595 | D:6      | Killed Duvessa
  3601 | D:6      | Killed Dowan
  3656 | D:6      | Reached XP level 9. HP: 59/71 MP: 8/8
  3727 | D:6      | Noticed Edmund
  3765 | D:6      | Killed Edmund
  3765 | D:6      | Reached skill level 14 in Axes
  4007 | D:6      | Reached **** piety under Trog
  4494 | D:7      | Reached skill level 15 in Axes
  5281 | D:8      | Found a hazy altar of Hepliaklqana.
  5464 | D:8      | Found a shadowy altar of Dithmenos.
  5571 | D:9      | Noticed Naow's ghost (novice MiBe)
  5586 | D:9      | Killed Naow's ghost
  5586 | D:9      | Reached skill level 16 in Axes
  5586 | D:9      | Reached XP level 10. HP: 48/78 MP: 9/9
  5678 | D:9      | Found a staircase to the Lair.
  5678 | D:9      | Noticed a death yak
  5686 | D:9      | Killed a death yak
  5686 | D:9      | Reached skill level 17 in Axes
  6671 | D:10     | Entered Level 10 of the Dungeon
  6702 | D:10     | Noticed a gargoyle
  6711 | D:10     | Killed a gargoyle
  6711 | D:10     | Reached skill level 18 in Axes
  6752 | D:10     | Noticed Naow's ghost (journeyman MiBe)
  6771 | D:10     | Killed Naow's ghost
  6972 | D:10     | Reached ***** piety under Trog
  7019 | D:10     | Reached XP level 11. HP: 83/83 MP: 10/10
  7038 | D:10     | Noticed a hill giant
  7049 | D:10     | HP: 3/83 [hippogriff (3)]
  7050 | D:10     | Slain by a hippogriff

Vault maps used:
D:1:      matt_arrival_grand_opening, st_stairs_10
D:2:      nicolae_ru_path_of_blood, marbit_many_paths, uniq_jessica,
          uniq_crazy_yiuf_cottage, uniq_sigmund
D:3:      minmay_wonky_spiral, first_bread, uniq_natasha
D:4:      elyvilon_altar_5, kennysheep_mini, gup_sewer_entry_glass,
          uniq_eustachio
D:5:      nemelex_xobeh_ov_fountains_minmay, uniq_pikel
D:6:      minivault_25, minmay_guarded_unrand_vampires_tooth, uniq_duvessa,
          uniq_edmund
D:8:      grunt_dithmenos_shadows, tgw_xom, overflow_temple_1_default
D:9:      kennysheep_spiral_hall, dpeg_lair_monsters

Skill      XL: |  1  2  3  4  5  6  7  8  9 10 |
---------------+-------------------------------+-----
Axes           | 4 7 8 9 12 13 16 18 | 18.9
Fighting       | |  3.7
Armour         | |  2.4
Dodging        | |  2.2

Action                   |  1- 3 |  4- 6 |  7- 9 | 10-12 || total
-------------------------+-------+-------+-------+-------++-------
Melee: Hand axe          |    57 |   128 |   296 |       ||   481
       Headbutt          |     6 |    19 |    79 |    40 ||   144
       War axe           |       |       |   118 |   144 ||   262
Invok: Berserk           |     1 |     1 |     5 |     4 ||    11
       Trog's Hand       |     1 |       |     1 |     2 ||     4
 Stab: Sleeping          |       |     2 |       |       ||     2
  Eat: Chunk             |       |     6 |    14 |     9 ||    29
       Beef jerky        |       |       |       |     1 ||     1
Armor: Animal skin       |    10 |     6 |       |       ||    16
       Plate armour      |       |    39 |   233 |    70 ||   342
Dodge: Dodged            |    40 |    52 |   115 |    42 ||   249
Block: Other             |       |       |       |     3 ||     3
